 Dungeon Crawl Stone Soup version 0.31-a0-845-g9abc20d24f (webtiles) character file.

Game seed: 10912503015378391011

18785 CowFu the Grappler (level 12, -5/92 HPs)
             Began as a Gnoll Shapeshifter on Oct 3, 2023.
             Was a High Priest of Fedhas.
             Slain by a death yak (16 damage)
             ... on level 2 of the Lair of Beasts.
             The game lasted 00:15:28 (9756 turns).

CowFu the Grappler (Gnoll Shapeshifter)             Turns: 9756, Time: 00:15:29

Health: -5/92      AC: 18    Str: 17    XL:     12   Next: 62%
Magic:  23/23      EV: 13    Int:  9    God:    Fedhas [*****.]
Gold:   617        SH:  0    Dex: 14    Spells: 26/26 levels left

rFire   . .          .
                       - Unarmed
rCold   + + .        (shield currently unavailable)
rNeg    + . .        N - +3 scale mail {rC+}
rPois   +            i - +0 helmet
rElec   .            I - +1 cloak {Will+}
rCorr   +            (no gloves)
SInv    +            x - +2 pair of boots
Will    +....        p - amulet of regeneration
Stlth   ++           O - ring "Duzappouni" {rC+ rN+ rCorr SInv Stlth+}
HPRegen 1.15/turn    w - ring of poison resistance
MPRegen 0.18/turn

%: no passive effects
@: about to teleport, flux-form, glowing, studying Fire Magic
A: glow, contaminating, fangs 1, strong nose, distributed training
a: Begin Untransformation, Renounce Religion, Wall of Briars, Grow
Ballistomycete, Overgrow, Grow Oklob


You were on level 2 of the Lair of Beasts.
You worshipped Fedhas.
Fedhas was extremely pleased with you.
You were something dangerously unstable.
You visited 2 branches of the dungeon, and saw 12 of its levels.

You collected 815 gold pieces.
You spent 198 gold pieces at shops.

Inventory:

Missiles
 M - 2 throwing nets
Armour
 i - a +0 helmet (worn)
 x - a +2 pair of boots (worn)
 I - a +1 cloak of willpower (worn)
 N - a +3 scale mail of cold resistance (worn)
Jewellery
 d - an amulet of magic regeneration
 p - an amulet of regeneration (around neck)
 s - a ring of positive energy
 w - a ring of poison resistance (right hand)
 A - a ring of protection from cold
 O - the ring "Duzappouni" (left hand) {rC+ rN+ rCorr SInv Stlth+}
   (You found it on level 10 of the Dungeon)

   [ring of protection from cold]

   rC+:       It protects you from cold.
   rN+:       It protects you from negative energy.
   SInv:      It lets you see invisible.
   rCorr:     It protects you from acid and corrosion.
   Stlth+:    It makes you more stealthy.
Talismans
 c - a beast talisman
 K - a blade talisman
 L - a flux talisman (active)
Wands
 a - a wand of quicksilver (3)
 f - a wand of flame (23)
 B - a wand of charming (12)
Scrolls
 n - 2 scrolls of identify
 t - 2 scrolls of revelation
 z - 2 scrolls of blinking {unknown}
 E - 2 scrolls of vulnerability {unknown}
 F - a scroll of enchant armour {unknown}
 J - a scroll of butterflies {unknown}
Potions
 b - 2 potions of lignification
 g - a potion of degeneration
 h - a potion of invisibility
 k - a potion of cancellation
 l - a potion of ambrosia {unknown}
 m - 4 potions of mutation
 q - a potion of enlightenment
 u - a potion of brilliance {unknown}
 C - a potion of resistance {unknown}
 D - a potion of magic {unknown}
 G - 2 potions of might {unknown}


   Skills:
 + Level 8.1 Fighting
 + Level 7.6 Short Blades
 + Level 7.6 Long Blades
 + Level 7.6 Axes
 + Level 7.6 Maces & Flails
 + Level 7.6 Polearms
 + Level 7.6 Staves
 + Level 7.6 Ranged Weapons
 + Level 7.6 Throwing
 + Level 7.6 Armour
 + Level 9.0 Dodging
 + Level 7.6 Stealth
 + Level 7.6 Shields
 + Level 10.1 Unarmed Combat
 + Level 7.6 Spellcasting
 + Level 6.3 Conjurations
 + Level 6.3 Hexes
 + Level 6.3 Summonings
 + Level 6.3 Necromancy
 + Level 6.3 Translocations
 + Level 6.3 Transmutations
 + Level 8.8 Fire Magic
 + Level 6.3 Ice Magic
 + Level 6.3 Air Magic
 + Level 6.3 Earth Magic
 + Level 6.3 Poison Magic
 + Level 8.3 Invocations
 + Level 7.6 Evocations
 + Level 9.6 Shapeshifting


You had 26 spell levels left.
You didn't know any spells.
Your spell library contained the following spells:

 Spells                   Type           Power      Damage    Failure   Level
 Magic Dart               Conj           56%        1d5       4%          1
 Blink                    Tloc           28%        N/A       6%          2
 Call Imp                 Summ           28%        N/A       6%          2
 Lesser Beckoning         Tloc           28%        N/A       6%          2
 Momentum Strike          Conj/Tloc      28%        3d8       6%          2
 Gell's Gravitas          Tloc           14%        N/A       12%         3
 Mephitic Cloud           Conj/Pois/Air  14%        N/A       12%         3
 Teleport Other           Tloc           14%        N/A       12%         3
 Dispersal                Tloc           7%         N/A       99%         6


Dungeon Overview and Level Annotations

Branches:
Dungeon (10/15)            Temple (0/1) D:4            Lair (1/5) D:10
 Shoals (0/4) Lair:2        Snake (0/4) Lair:2          Orc (0/2) D:10

Altars:
Ashenzari
Dithmenos
Elyvilon
Fedhas
Gozag
Hepliaklqana
Kikubaaqudgha
Makhleb
Qazlal
Ru
Vehumet
Wu Jian
Xom
Yredelemnul
Zin
The Shining One

Shops:
D:4 *:   D:10 =:

Annotations:
D:8 2 transporters, MrSquiggles's ghost, novice KoFi


Innate Abilities, Weirdness & Mutations

You are something dangerously unstable.
You glow with magical radiation, making you easy to see and hit.
Foes you strike become dangerously contaminated with magical radiation.
You are incapable of wielding weapons or throwing items.
You have very sharp teeth.
Your uncanny sense of smell can sniff out nearby items.
Your experience applies equally to all skills.


Message History

Fedhas appreciates your contribution to the ecosystem.
Your Dodging skill increases to level 9!
The death yak gores you! The death yak gores you.
The death yak gores you but does no damage.
The death yak gores you!
You see here a death yak corpse.
You hit the death yak.
The death yak glows dangerously bright.
The death yak is lightly wounded.
The death yak gores you!
The death yak gores you but does no damage. x2
The death yak gores you!
* * * LOW HITPOINT WARNING * * *
You are too injured to fight recklessly!
You are too injured to fight recklessly!
You are too injured to fight recklessly!
You are too injured to fight recklessly!
You are too injured to fight recklessly!
You are too injured to fight recklessly!
You are too injured to fight recklessly!
You are too injured to fight recklessly!
You are too injured to fight recklessly!
You are too injured to fight recklessly!
You are too injured to fight recklessly!
You are too injured to fight recklessly!
You are too injured to fight recklessly!
You are too injured to fight recklessly!
You are too injured to fight recklessly!
As you read the scroll of teleportation, it crumbles to dust.
You feel strangely unstable.
The death yak gores you but does no damage.
You hit the death yak.
The death yak begins to glow.
You bite the death yak, but do no damage.
The death yak is lightly wounded.
The death yak gores you.
* * * LOW HITPOINT WARNING * * *
The death yak gores you!
* * * LOW HITPOINT WARNING * * *
You feel better. The death yak gores you!
You die...
Fedhas appreciates your contribution to the ecosystem.

8...8......##...####P..#****
.......#........####..P#,*,**
..8....#.#......####..Y....,**
..........#..#...####Y.....,,*
##..........###...#.##.....,,*
#.#####...........#........,,* *
##.#..###....>.##...>......,,****
##....#####...##Y....#....,,,,,,
##..#...# #####p#..[.#*#..~,~~~~
..##....# ##YY....#*,.~~~~~~
.####P..## *........#,~~~~~~~ ##
##...# **.........#,~~~~,~ #
#...## *...........~~~~,<, ##...#
*...........,~~~~~~ #...##
**,,........,~~~~~~~ ##..##
**,,,.......,,,~~~~~~ #.†.#
*,,,,,,,,,,,,,*~,~~~~


You could see 3 death yaks.

Vanquished Creatures
  Harold (D:9)
  9 death yaks
  A two-headed ogre (D:10)
  Pikel (D:7)
  A manticore (Lair:2)
  Maurice (D:9)
  3 black mambas (Lair:2)
  A cane toad (Lair:2)
  Maggie (D:7)
  Psyche (D:8)
  2 trolls
  A hornet (D:10)
  Sigmund (D:5)
  A centaur simulacrum (D:10)
  A shadow (D:10)
  12 yaks
  A steam dragon (D:8)
  4 vampire mosquitoes (D:9)
  11 water moccasins
  Duvessa (D:7)
  2 orc warriors
  A sky beast (D:7)
  2 black bears
  2 ogres
  3 centaurs
  5 wolves (Lair:2)
  2 phantoms
  3 kobold brigands
  9 bullfrogs
  A gnoll sergeant (D:9)
  2 scorpions
  9 wights
  Dowan (D:7)
  19 killer bees
  5 howler monkeys
  2 jellies
  4 orc priests
  3 hounds
  An iguana (D:4)
  3 scorpion zombies (D:4)
  9 orc wizards
  2 hound zombies (D:4)
  9 gnolls
  7 adders
  A shadow imp (D:8)
  2 white imps
  2 worms
  4 dart slugs
  40 orcs
  8 ball pythons
  2 bats
  4 endoplasms
  2 giant cockroaches
  7 hobgoblins
  4 jackals
  4 quokkas
  2 frilled lizards (D:2)
  3 goblins
  17 kobolds
  6 rats
269 creatures vanquished.

Notes
Turn   | Place    | Note
-------+----------+-------------------------------------------
     0 | D:1      | CowFu the Gnoll Shapeshifter began the quest for the Orb.
     0 | D:1      | Reached XP level 1. HP: 17/17 MP: 1/1
    64 | D:1      | Reached XP level 2. HP: 22/23 MP: 2/2
   776 | D:1      | Reached XP level 3. HP: 28/28 MP: 3/3
  1054 | D:2      | Found a broken altar of Ashenzari.
  1092 | D:2      | Reached skill level 1 in Invocations
  1194 | D:2      | Reached skill level 1 in Short Blades
  1194 | D:2      | Reached skill level 1 in Long Blades
  1194 | D:2      | Reached skill level 1 in Axes
  1194 | D:2      | Reached skill level 1 in Maces & Flails
  1194 | D:2      | Reached skill level 1 in Polearms
  1194 | D:2      | Reached skill level 1 in Staves
  1194 | D:2      | Reached skill level 1 in Ranged Weapons
  1194 | D:2      | Reached skill level 1 in Throwing
  1194 | D:2      | Reached skill level 1 in Armour
  1194 | D:2      | Reached skill level 1 in Stealth
  1194 | D:2      | Reached skill level 1 in Shields
  1194 | D:2      | Reached skill level 1 in Spellcasting
  1194 | D:2      | Reached skill level 1 in Evocations
  1242 | D:2      | Reached XP level 4. HP: 24/34 MP: 5/5
  1249 | D:2      | Reached skill level 1 in Conjurations
  1249 | D:2      | Reached skill level 1 in Hexes
  1249 | D:2      | Reached skill level 1 in Summonings
  1249 | D:2      | Reached skill level 1 in Necromancy
  1249 | D:2      | Reached skill level 1 in Translocations
  1249 | D:2      | Reached skill level 1 in Transmutations
  1249 | D:2      | Reached skill level 1 in Fire Magic
  1249 | D:2      | Reached skill level 1 in Ice Magic
  1249 | D:2      | Reached skill level 1 in Air Magic
  1249 | D:2      | Reached skill level 1 in Earth Magic
  1249 | D:2      | Reached skill level 1 in Poison Magic
  1659 | D:3      | Found a blossoming altar of Fedhas.
  1671 | D:3      | Became a worshipper of Fedhas Madash
  1780 | D:3      | Reached XP level 5. HP: 36/40 MP: 5/7
  1911 | D:3      | Found a faded altar of an unknown god.
  2035 | D:3      | Found an ancient bone altar of Kikubaaqudgha.
  2106 | D:3      | Found a burning altar of Makhleb.
  2329 | D:4      | Found a stormy altar of Qazlal.
  2351 | D:4      | Reached * piety under Fedhas
  2372 | D:4      | Found a white marble altar of Elyvilon.
  2395 | D:4      | Reached XP level 6. HP: 47/47 MP: 8/8
  2410 | D:4      | Found Peek's Self-Published Books.
  2490 | D:4      | Reached skill level 5 in Dodging
  2571 | D:4      | Found a basalt altar of Yredelemnul.
  2592 | D:4      | Found a staircase to the Ecumenical Temple.
  2624 | D:4      | Reached XP level 7. HP: 25/52 MP: 10/10
  2696 | D:4      | Found a shadowy altar of Dithmenos.
  2701 | D:4      | Reached skill level 7 in Unarmed Combat
  2784 | D:4      | Found a broken altar of Ashenzari.
  2788 | D:4      | Saw a vision of the Shoals and the Snake Pit.
  2788 | D:4      | Noticed a skyshark
  2788 | D:4      | Noticed a merfolk aquamancer
  2788 | D:4      | Noticed a harpy
  2788 | D:4      | Noticed a manticore
  2788 | D:4      | Noticed a merfolk siren
  2788 | D:4      | Noticed a black mamba
  2788 | D:4      | Noticed a naga sharpshooter
  2788 | D:4      | Noticed an anaconda
  2788 | D:4      | Noticed a naga
  2788 | D:4      | Noticed a black mamba
  2788 | D:4      | Noticed a salamander
  2789 | D:4      | Noticed a naga ritualist
  2790 | D:4      | Noticed a naga sharpshooter
  3039 | D:4      | Found Weavir's General Store.
  3047 | D:4      | Bought a +2 pair of boots for 198 gold pieces
  3227 | D:5      | Entered Level 5 of the Dungeon
  3274 | D:5      | Reached ** piety under Fedhas
  3316 | D:5      | Reached XP level 8. HP: 46/60 MP: 12/12
  3482 | D:5      | Noticed Sigmund
  3699 | D:5      | Found a sacrificial altar of Ru.
  3865 | D:5      | Killed Sigmund
  3922 | D:5      | Identified the +3 dagger "Niledgh" {freeze, rPois Dex+2}
  4079 | D:6      | Reached XP level 9. HP: 40/66 MP: 14/14
  4831 | D:7      | Noticed Pikel
  4868 | D:7      | Killed Pikel
  4869 | D:7      | Reached skill level 5 in Fighting
  4869 | D:7      | Reached skill level 8 in Unarmed Combat
  4908 | D:7      | Found an opulent altar of Gozag.
  4925 | D:7      | Noticed Maggie
  4933 | D:7      | Reached *** piety under Fedhas
  4950 | D:7      | HP: 1/68 [Maggie/+0 glaive of flaming (3)]
  4958 | D:7      | Killed Maggie
  4959 | D:7      | Reached skill level 5 in Fire Magic
  4959 | D:7      | Reached skill level 5 in Invocations
  5168 | D:7      | Found an ornate altar of the Wu Jian Council.
  5385 | D:7      | Reached XP level 10. HP: 75/75 MP: 17/17
  5496 | D:7      | Reached skill level 5 in Short Blades
  5496 | D:7      | Reached skill level 5 in Long Blades
  5496 | D:7      | Reached skill level 5 in Axes
  5496 | D:7      | Reached skill level 5 in Maces & Flails
  5496 | D:7      | Reached skill level 5 in Polearms
  5496 | D:7      | Reached skill level 5 in Staves
  5496 | D:7      | Reached skill level 5 in Ranged Weapons
  5496 | D:7      | Reached skill level 5 in Throwing
  5496 | D:7      | Reached skill level 5 in Armour
  5496 | D:7      | Reached skill level 5 in Stealth
  5496 | D:7      | Reached skill level 5 in Shields
  5496 | D:7      | Reached skill level 5 in Spellcasting
  5496 | D:7      | Reached skill level 5 in Evocations
  5600 | D:7      | Noticed Duvessa
  5603 | D:7      | Noticed Dowan
  5628 | D:7      | Killed Duvessa
  5632 | D:7      | Killed Dowan
  5697 | D:7      | Found a glowing golden altar of the Shining One.
  5697 | D:7      | Found a hazy altar of Hepliaklqana.
  6412 | D:8      | Found a transporter.
  6416 | D:8      | Noticed MrSquiggles's ghost (novice KoFi)
  6419 | D:8      | Noticed a moth of wrath
  6433 | D:8      | Found a transporter.
  6513 | D:8      | Reached **** piety under Fedhas
  6522 | D:8      | Found a shimmering altar of Xom.
  6600 | D:8      | Noticed Psyche
  6614 | D:8      | Killed Psyche
  6963 | D:8      | Found a glowing silver altar of Zin.
  7109 | D:9      | Noticed Harold
  7186 | D:9      | Noticed Maurice
  7189 | D:9      | Maurice stole a flux talisman
  7190 | D:9      | Maurice stole an amulet of magic regeneration
  7199 | D:9      | Killed Maurice
  7313 | D:9      | Killed Harold
  7314 | D:9      | Reached XP level 11. HP: 57/83 MP: 19/19
  7373 | D:9      | Reached skill level 9 in Unarmed Combat
  7393 | D:9      | Reached skill level 5 in Conjurations
  7393 | D:9      | Reached skill level 5 in Hexes
  7393 | D:9      | Reached skill level 5 in Summonings
  7393 | D:9      | Reached skill level 5 in Necromancy
  7393 | D:9      | Reached skill level 5 in Translocations
  7393 | D:9      | Reached skill level 5 in Transmutations
  7393 | D:9      | Reached skill level 5 in Ice Magic
  7393 | D:9      | Reached skill level 5 in Air Magic
  7393 | D:9      | Reached skill level 5 in Earth Magic
  7393 | D:9      | Reached skill level 5 in Poison Magic
  7529 | D:9      | Reached ***** piety under Fedhas
  7883 | D:9      | Found a radiant altar of Vehumet.
  7980 | D:10     | Entered Level 10 of the Dungeon
  7986 | D:10     | Noticed a death yak
  7988 | D:10     | Found a staircase to the Lair.
  7988 | D:10     | Noticed a death yak
  7988 | D:10     | Noticed a death yak
  7989 | D:10     | Noticed a death yak
  7989 | D:10     | Noticed a death yak
  7989 | D:10     | Noticed a death yak
  7989 | D:10     | Noticed a two-headed ogre
  7994 | D:10     | Noticed a death yak
  7994 | D:10     | Noticed a death yak
  8008 | D:10     | Killed a death yak
  8018 | D:10     | Killed a death yak
  8179 | D:9      | Killed a death yak
  8197 | D:9      | Killed a death yak
  8208 | D:9      | Killed a death yak
  8213 | D:9      | Killed a death yak
  8271 | D:10     | Killed a death yak
  8279 | D:10     | Killed a death yak
  8329 | D:10     | Found Tiotryihyd's Jewellery Emporium.
  8366 | D:10     | Killed a two-headed ogre
  8367 | D:10     | Reached XP level 12. HP: 64/91 MP: 22/22
  8690 | D:10     | Found Picilini's Book Shop.
  8780 | D:10     | Found a staircase to the Orcish Mines.
  8992 | D:10     | Identified the ring "Duzappouni" {rC+ rN+ rCorr SInv
                  | Stlth+}
  9099 | Lair:1   | Entered Level 1 of the Lair of Beasts
  9159 | Lair:1   | You fall into a shaft and drop 1 floor!
  9159 | Lair:2   | Noticed a death yak
  9231 | Lair:2   | Found a staircase to the Snake Pit.
  9249 | Lair:2   | Noticed a death yak
  9249 | Lair:2   | Noticed a death yak
  9249 | Lair:2   | Noticed a death yak
  9340 | Lair:2   | Reached skill level 10 in Unarmed Combat
  9728 | Lair:2   | Found a staircase to the Shoals.
  9733 | Lair:2   | Noticed a death yak
  9750 | Lair:2   | Killed a death yak
  9755 | Lair:2   | HP: 4/92 [death yak (13)]
  9756 | Lair:2   | Slain by a death yak

Illustrated notes

Levels and vault maps discovered:
D:1:      psy_arrival_basics, layout_basic
D:2:      layout_basic, basic_altar, minmay_liquid_box,
          minmay_misc_feat_diagonals, chequers_garden
D:3:      layout_basic, fedhas_altar_1, mainiacjoe_overflow_alcove_4,
          mainiacjoe_overflow_cross_hatched,
          shapermc_ecumenical_altar_mp_ritualfount, serial_aquarium,
          aquarium_bridge_long_joined [aquarium_subvault_balcony,
          aquarium_subvault_window, aquarium_subvault_bridge,
          aquarium_subvault_bridge, aquarium_subvault_wall,
          aquarium_subvault_window], aquarium_bridge_square
          [aquarium_subvault_bridge, aquarium_subvault_bridge,
          aquarium_subvault_wall, aquarium_subvault_bridge], aquarium_window_2,
          aquarium_window_2, aquarium_window_1, aquarium_window_corner,
          aquarium_view_2a, aquarium_pool_2, minmay_crystal_water
D:4:      layout_basic, nicolae_elyvilon_peaceful_grove,
          mainiacjoe_overflow_paths, nicolae_yredelemnul_corpse_copse,
          mainiacjoe_overflow_surrounded_room, grunt_ashenzari_visionary
          [grunt_ashenzari_visionary_shoals, grunt_ashenzari_visionary_snake],
          serial_shops, shop, nicolae_custom_books, minmay_manual_monolith
D:5:      layout_basic, hangedman_ru_absence, uniq_sigmund
D:6:      layout_basic, minmay_curled_crystal, solitary_fountain,
          interstate_on_off
D:7:      layout_gridville, mainiacjoe_overflow_small_starburst,
          gammafunk_temple_overflow_elements, nicolae_wu_jian_wuxing_cycle,
          serial_co_window_serial, co_window_paths_b, co_window_cross_1,
          co_window_of_opportunity_a, co_window_of_opportunity_a,
          co_window_paths_a, co_window_unsneaky_path_e,
          co_window_unsneaky_path_d, co_window_corner_b, co_window_corner_b,
          co_window_paths_c, co_window_corner_b, co_window_of_opportunity_c,
          co_window_sun, co_window_4corner_a, glass_columns_b, glass_columns_c,
          glass_columns_b, glass_columns_a, uniq_duvessa, uniq_maggie,
          uniq_pikel
D:8:      layout_cave_pools, mainiacjoe_overflow_brackets,
          mainiacjoe_overflow_tiny_flanked, gammafunk_ghost_berserking_beasts,
          uniq_psyche
D:9:      layout_long_grid, kennysheep_mini_moat, uniq_maurice, uniq_harold
D:10:     layout_roguey, dpeg_lair_monsters, david_orc_2, serial_shops, shop,
          shop, kennysheep_just_a_vault
Lair:1:   layout_layer_cave
Lair:2:   layout_cave_pods, minmay_shoals_entry_beasts,
          minmay_snake_entry_six_corridors, grunt_megastairs_4,
          lemuel_fruit_tree, serial_bayou_shore_a, lemuel_fruit_fields,
          infiniplex_staircase_pool_2

Skill      XL: |  1  2  3  4  5  6  7  8  9 10 11 12 |
---------------+-------------------------------------+-----
Invocations    | 1 2 3 4 5 6 7 8 |  8.3
Short Blades   | 1 2 3 4 5 7 |  7.6
Long Blades    | 1 2 3 4 5 7 |  7.6
Axes           | 1 2 3 4 5 7 |  7.6
Maces & Flails | 1 2 3 4 5 7 |  7.6
Polearms       | 1 2 3 4 5 7 |  7.6
Staves         | 1 2 3 4 5 7 |  7.6
Ranged Weapons | 1 2 3 4 5 7 |  7.6
Throwing       | 1 2 3 4 5 7 |  7.6
Armour         | 1 2 3 4 5 7 |  7.6
Stealth        | 1 2 3 4 5 7 |  7.6
Shields        | 1 2 3 4 5 7 |  7.6
Spellcasting   | 1 2 3 4 5 7 |  7.6
Evocations     | 1 2 3 4 5 7 |  7.6
Conjurations   | 1 2 3 4 5 6 |  6.3
Hexes          | 1 2 3 4 5 6 |  6.3
Summonings     | 1 2 3 4 5 6 |  6.3
Necromancy     | 1 2 3 4 5 6 |  6.3
Translocations | 1 2 3 4 5 6 |  6.3
Transmutations | 1 2 3 4 5 6 |  6.3
Fire Magic     | 1 2 4 5 6 8 |  8.8
Ice Magic      | 1 2 3 4 5 6 |  6.3
Air Magic      | 1 2 3 4 5 6 |  6.3
Earth Magic    | 1 2 3 4 5 6 |  6.3
Poison Magic   | 1 2 3 4 5 6 |  6.3
Fighting       | 3 4 5 6 7 8 |  8.1
Dodging        | 5 6 7 8 9 |  9.0
Unarmed Combat | 7 8 9 10 | 10.1
Shapeshifting  | 7 8 9 |  9.6

Action                     |  1- 3 |  4- 6 |  7- 9 | 10-12 || total
---------------------------+-------+-------+-------+-------++-------
  Melee: Unarmed           |    68 |   121 |   317 |   709 ||  1215
         Bite              |     3 |    16 |    36 |   118 ||   173
         Punch             |     2 |     4 |     1 |       ||     7
    Use: Scroll            |       |       |     2 |    14 ||    16
         Potion            |       |       |     4 |     3 ||     7
   Stab: Fleeing           |       |       |     1 |       ||     1
 Armour: Animal skin       |    11 |       |       |       ||    11
         Chain mail        |    44 |    71 |   331 |   212 ||   658
         Scale mail        |       |       |       |   473 ||   473
  Dodge: Dodged            |    32 |    53 |   165 |   518 ||   768
   Form: Flux              |       |       |     1 |       ||     1

Table legend: (Time is in decaauts)
 A = Elapsed time spent in this place.
 B = Non-inter-level travel time spent in this place.
 C = Inter-level travel time spent in this place.
 D = Time resting spent in this place.
 E = Time spent auto-exploring this place.
 F = Levels seen in this place.
 G = Mean time per level.
                   A        B        C        D        E       F      G
               +--------+--------+--------+--------+--------+-----+--------+
         Total |   9578 |   9123 |    455 |      0 |   6944 |  12 |  798.2 |
       Dungeon |   8950 |   8495 |    455 |      0 |   6556 |  10 |  895.0 |
          Lair |    628 |    628 |      0 |      0 |    388 |   2 |  314.0 |
               +--------+--------+--------+--------+--------+-----+--------+

Top non-repeatable levels by time:
     D:7: 1541 daAuts
     D:1: 986 daAuts
     D:9: 968 daAuts
     D:4: 927 daAuts
    D:10: 911 daAuts
     D:6: 785 daAuts
     D:5: 785 daAuts
     D:8: 749 daAuts
     D:2: 662 daAuts
     D:3: 631 daAuts
  Lair:2: 569 daAuts
  Lair:1: 59 daAuts
